 Dungeon Crawl Stone Soup version 0.27-a0-1200-g94dc6ad4cf (webtiles) character file.

Game seed: 8660404202768630536

1815 wakim the Basher (level 8, -5/70 HPs)
             Began as a Minotaur Gladiator on June 1, 2021.
             Was a Follower of Wu Jian.
             Killed from afar by Maggie (31 damage)
             ... with a bolt of fire
             ... on level 6 of the Dungeon.
             The game lasted 00:12:31 (5979 turns).

wakim the Basher (Minotaur Gladiator)               Turns: 5979, Time: 00:12:31

Health: -5/70      AC: 14    Str: 19    XL:     8   Next: 85%
Magic:  16/16      EV: 10    Int:  6    God:    Wu Jian [*.....]
Gold:   231        SH:  0    Dex: 13    Spells: 7/7 levels left

rFire    . . .     SeeInvis .   a - +4 dire flail (holy)
rCold    . . .     Faith    .   (shield currently unavailable)
rNeg     . . .     Spirit   .   h - +0 chain mail
rPois    .         Reflect  .   c - +0 hat
rElec    .         Harm     .   (no cloak)
rCorr    .         Rampage  .   f - +2 pair of gloves
Will     .....                  (no boots)
Stlth    ..........             (no amulet)
HPRegen  0.21/turn              i - ring of magical power
MPRegen  0.15/turn              (no ring)

@: mesmerised
A: horns 2, retaliatory headbutt
a: Renounce Religion


You were on level 6 of the Dungeon.
You worshipped Wu Jian.
Wu Jian was aware of your devotion.
You visited 2 branches of the dungeon, and saw 7 of its levels.

You collected 231 gold pieces.

Inventory:

Hand Weapons
 a - a +4 dire flail of holy wrath (weapon)
 b - a +3 mace of draining
Missiles
 d - 4 throwing nets (quivered) {=f!f}
 e - 30 poisoned darts
Armour
 c - a +0 hat (worn)
 f - a +2 pair of gloves (worn)
 h - a +0 chain mail (worn)
Jewellery
 i - a ring of magical power (left hand)
Wands
 t - a wand of digging (7)
 x - a wand of iceblast (14)
Scrolls
 m - a scroll of enchant armour
 T - 2 scrolls of teleportation
Potions
 g - a potion of haste {unknown}
 j - a potion of cancellation {unknown}
 k - a potion of mutation {unknown}
 l - 2 potions of curing {unknown}
 n - a potion of lignification {unknown}
 N - 2 potions of might
 O - a potion of resistance


   Skills:
 + Level 6.0 Fighting
 * Level 8.8 Maces & Flails
 - Level 2.0 Throwing
 * Level 7.8 Armour
 + Level 6.0 Dodging


You had 7 spell levels left.
You didn't know any spells.
Your spell library contained the following spells:

 Spells                   Type           Power      Damage    Failure   Level
 Freeze                   Ice            0%         1d3       99%         1
 Magic Dart               Conj           0%         1d3       99%         1
 Searing Ray              Conj           0%         3d3       100%        2
 Dazzling Flash           Conj/Hex       0%         N/A       100%        3
 Frozen Ramparts          Ice            0%         1d2       100%        3
 Ozocubu's Armour         Ice            0%         N/A       100%        3
 Fulminant Prism          Conj/Hex       0%         3d6       100%        4
 Hailstorm                Conj/Ice       0%         3d3       100%        4
 Iskenderun's Mystic Bla  Conj/Tloc      0%         2d3       100%        4
 Metabolic Englaciation   Hex/Ice        0%         N/A       100%        5


Dungeon Overview and Level Annotations

Branches:
Dungeon (6/15)             Temple (1/1) D:4

Altars:
Ashenzari
Cheibriados
Dithmenos
Fedhas
Gozag
Kikubaaqudgha
Ru
Sif Muna
Uskayaw
Wu Jian
Xom

Annotations:
D:6 Maggie


Innate Abilities, Weirdness & Mutations

You have a pair of horns on your head.
You reflexively headbutt those who attack you in melee.


Message History

You are mesmerised by Maggie!
You hit Maggie.
Maggie is heavily wounded.
Maggie hits you but does no damage.
You hit Maggie. You headbutt Maggie, but do no damage.
Maggie is heavily wounded.
Maggie closely misses you. You furiously retaliate!
You headbutt Maggie, but do no damage. You hit Maggie. You headbutt Maggie!
Maggie is severely wounded.
Maggie hits you with a +0 war axe.
You closely miss Maggie.
Maggie is severely wounded.
Maggie hits you but does no damage.
You barely miss Maggie.
Maggie is severely wounded.
Maggie hits you with a +0 war axe!
You completely miss Maggie.
Maggie is severely wounded.
Maggie casts a spell at you.
The bolt of fire hits you but does no damage.
You hit Maggie. Your headbutt misses Maggie.
Maggie is severely wounded.
You barely miss Maggie.
Maggie is severely wounded.
Maggie hits you but does no damage.
Unknown command.
You closely miss Maggie. Your headbutt misses Maggie.
Maggie is severely wounded.
Maggie casts a spell at you. The bolt of fire hits you!!
* * * LOW HITPOINT WARNING * * *
You closely miss Maggie. Your headbutt misses Maggie.
Maggie is severely wounded.
Maggie hits you but does no damage.
You closely miss Maggie.
Maggie is severely wounded.
Maggie points at you and mumbles some strange words.
The bolt of fire hits you!!
You die...

##........###..##...>. ##
####.###..............##.....
..
.........#######.####)##.####
## ########## #.# #.##.# #.#
#.##.# ####(#.# #.)#.#
..#.#.# ##)#)#### #.@.#.#
#.)..... #@###.# ##...###
#.....######.>....
#..........###....
##########.# ##### #...(
#.### #.### #.... #####


You could see Maggie (mesmerising).

Vanquished Creatures
  A meliai zombie (D:6)
  Eustachio (D:4)
  Edmund (D:6)
  A water moccasin (D:6)
  2 black bears
  3 ogres
  A centaur (D:5)
  A kobold brigand (D:5)
  A scorpion (D:5)
  A bullfrog zombie (D:5)
  An orc priest (D:6)
  2 centaur skeletons
  A centaur zombie (D:6)
  2 gnoll shamans
  3 iguanas
  Ijyb (D:3)
  Terence (D:2)
  2 orc wizards (D:5)
  A howler monkey zombie (D:6)
  9 gnolls
  6 adders
  A shadow imp (D:5)
  2 worms
  A dart slug (D:2)
  14 orcs
  5 bats
  5 endoplasms
  3 giant cockroaches (D:3)
  4 goblins
  9 hobgoblins
  6 jackals
  6 quokkas
  2 ball pythons (D:2)
  2 frilled lizards (D:1)
  10 kobolds
  3 rats
115 creatures vanquished.

Vanquished Creatures (others)
  2 plants (D:3)
2 creatures vanquished.

Grand Total: 117 creatures vanquished

Notes
Turn   | Place    | Note
-------+----------+-------------------------------------------
     0 | D:1      | wakim the Minotaur Gladiator began the quest for the Orb.
     0 | D:1      | Reached XP level 1. HP: 18/18 MP: 0/0
   432 | D:1      | Reached skill level 1 in Armour
   610 | D:1      | Reached XP level 2. HP: 25/25 MP: 1/1
  1035 | D:2      | Reached skill level 4 in Maces & Flails
  1114 | D:2      | Noticed Terence
  1129 | D:2      | Killed Terence
  1130 | D:2      | Reached XP level 3. HP: 11/30 MP: 2/2
  1570 | D:2      | Reached XP level 4. HP: 25/38 MP: 3/3
  2200 | D:3      | Found an opulent altar of Gozag.
  2201 | D:3      | Found a blossoming altar of Fedhas.
  2269 | D:3      | Noticed Ijyb
  2274 | D:3      | Killed Ijyb
  2361 | D:3      | Reached skill level 5 in Maces & Flails
  2767 | D:4      | Noticed an ogre
  2773 | D:4      | Killed an ogre
  2774 | D:4      | Reached XP level 5. HP: 37/46 MP: 4/4
  2989 | D:4      | Noticed Eustachio
  3017 | D:4      | Killed Eustachio
  3018 | D:4      | Reached XP level 6. HP: 37/52 MP: 5/5
  3177 | D:4      | Found a staircase to the Ecumenical Temple.
  3214 | D:4      | Reached skill level 6 in Maces & Flails
  3224 | Temple   | Entered the Ecumenical Temple
  3293 | Temple   | Became a worshipper of the Wu Jian Council
  3840 | D:4      | Found a shimmering altar of Xom.
  3883 | D:5      | Entered Level 5 of the Dungeon
  4117 | D:5      | Reached XP level 7. HP: 60/60 MP: 6/6
  4140 | D:5      | Reached skill level 5 in Armour
  4394 | D:5      | Reached skill level 7 in Maces & Flails
  4695 | D:5      | Reached skill level 5 in Dodging
  4892 | D:6      | Reached skill level 5 in Fighting
  4892 | D:6      | Reached XP level 8. HP: 65/68 MP: 7/7
  5176 | D:5      | Reached * piety under Wu Jian
  5422 | D:6      | Noticed Edmund
  5449 | D:6      | Killed Edmund
  5450 | D:6      | Reached skill level 8 in Maces & Flails
  5964 | D:6      | Noticed Maggie
  5979 | D:6      | Killed from afar by Maggie

Illustrated notes

Levels and vault maps discovered:
D:1:      dpeg_arrival_pond, layout_basic, chequers_serial_rivers_micro_d
D:2:      layout_basic, uniq_terence
D:3:      layout_loops_ring, grunt_temple_overflow_open, serial_bayou_pond_d,
          corexii_shack, guppyfry_early_lair_pool, uniq_ijyb
D:4:      layout_cave_pods, kennysheep_little_box,
          minmay_temple_entry_stoned_glass, uniq_eustachio
D:5:      layout_rooms
D:6:      layout_basic, minmay_misc_feat_hallway, corexii_hall_statues_x,
          grunt_decor_junction, uniq_maggie, uniq_edmund
Temple:   eino_temple_rhombus

Skill      XL: |  1  2  3  4  5  6  7  8 |
---------------+-------------------------+-----
Armour         | 1 2 3 4 6 7 |  7.8
Maces & Flails | 4 5 6 7 8 |  8.8
Fighting       | 3 4 5 6 |  6.0
Dodging        | 4 5 6 |  6.0
Throwing       | |  2.0

Action                   |  1- 3 |  4- 6 |  7- 9 || total
-------------------------+-------+-------+-------++-------
Melee: Flail             |    12 |       |       ||    12
       Headbutt          |     6 |    19 |    28 ||    53
       Mace              |    36 |   113 |   102 ||   251
       Dire flail        |       |       |    29 ||    29
Throw: Dart              |       |     2 |     8 ||    10
Invok: Lunge             |       |     2 |     8 ||    10
  Use: Scroll            |     5 |     6 |     1 ||    12
Armor: Leather armour    |     6 |       |       ||     6
       Scale mail        |    18 |    14 |       ||    32
       Chain mail        |       |    43 |   100 ||   143
Dodge: Dodged            |    33 |    46 |    67 ||   146

Table legend: (Time is in decaauts)
 A = Elapsed time spent in this place.
 B = Non-inter-level travel time spent in this place.
 C = Inter-level travel time spent in this place.
 D = Time resting spent in this place.
 E = Time spent auto-exploring this place.
 F = Levels seen in this place.
 G = Mean time per level.
                   A        B        C        D        E       F      G
               +--------+--------+--------+--------+--------+-----+--------+
         Total |   6014 |   5790 |    224 |    668 |   4267 |   7 |  859.1 |
       Dungeon |   5933 |   5719 |    214 |    668 |   4208 |   6 |  988.8 |
        Temple |     80 |     70 |     10 |      0 |     59 |   1 |   80.0 |
               +--------+--------+--------+--------+--------+-----+--------+

Top non-repeatable levels by time:
     D:4: 1418 daAuts
     D:1: 1032 daAuts
     D:5: 1026 daAuts
     D:2: 940 daAuts
     D:6: 804 daAuts
     D:3: 710 daAuts
  Temple: 80 daAuts
